 Dungeon Crawl Stone Soup version 0.20.1-1-g8b1a95d (webtiles) character file.

4783 Golfball the Basher (level 10, -1/63 HPs)
             Began as a Gargoyle Fighter on Dec 1, 2017.
             Was a Follower of Trog.
             Slain by a yak (10 damage)
             ... on level 7 of the Dungeon.
             The game lasted 00:39:18 (7842 turns).

Golfball the Basher (Gargoyle Fighter)              Turns: 7842, Time: 00:39:18

Health: -1/63      AC: 14    Str: 23    XL:     10   Next: 47%
Magic:  10/10      EV: 12    Int:  9    God:    Trog [*.....]
Gold:   324        SH:  9    Dex:  9    Spells: 9/9 levels left

rFire    . . .     SeeInvis .   a - +1 flail
rCold    . . .     Gourm    .   c - +0 shield
rNeg     + . .     Faith    .   v - +0 leather armour {MR+}
rPois    ∞         Spirit   .   y - +0 helmet
rElec    +         Reflect  .   (no cloak)
rCorr    +         Harm     .   w - +1 pair of gloves
MR       +....                  (no boots)
Stlth    +.........             (no amulet)
Regen    0.2/turn               n - ring of resist corrosion
MPRegen  0.2/turn               (no ring)

@: berserk cooldown, slowed, very slow
A: negative energy resistance 1, electricity resistance, unbreathing,
petrification resistance, rot immunity, AC +7
a: Berserk, Burn Spellbooks, Renounce Religion


You were on level 7 of the Dungeon.
You worshipped Trog.
Trog was aware of your devotion.
You were not hungry.

You visited 2 branches of the dungeon, and saw 8 of its levels.
You also visited: Sewer.

You collected 324 gold pieces.

Inventory:

Hand Weapons
 a - a +1 flail (weapon)
 p - a +0 hand axe of flaming
Armour
 c - a +0 shield (worn)
 h - a +0 chain mail
 v - a +0 leather armour of magic resistance (worn)
 w - a +1 pair of gloves (worn)
 y - a +0 helmet (worn)
 E - a +0 plate armour
 F - a +2 scale mail of cold resistance
Jewellery
 n - a ring of resist corrosion (left hand)
Wands
 k - a wand of disintegration (24/24)
 o - a wand of digging (12/24)
 B - a wand of polymorph (1/24)
 D - a wand of digging (17/24)
Scrolls
 b - 3 scrolls of teleportation
 e - 3 scrolls of remove curse
 A - a scroll of recharging
Potions
 d - a potion of haste
 l - 2 potions of heal wounds {unknown}
 q - 2 potions of agility {unknown}
 r - 3 potions of degeneration {unknown}
 s - 5 potions of curing
 t - 4 potions of flight
 u - 4 potions of lignification {unknown}
 x - 2 potions of magic {unknown}
 z - 2 potions of invisibility {unknown}
 C - a potion of brilliance {unknown}
Miscellaneous
 g - a phantom mirror
Comestibles
 f - 3 bread rations
 i - a royal jelly
 j - 2 chunks of flesh
 m - 3 fruits


   Skills:
 - Level 7.5 Fighting
 - Level 10.6 Maces & Flails
 + Level 5.9 Armour
 + Level 6.4 Dodging
 - Level 3.2 Shields


You had 9 spell levels left.
You didn't know any spells.

Dungeon Overview and Level Annotations

Branches:
Dungeon (7/15)             Temple (1/1) D:5

Altars:
Dithmenos
Elyvilon
Fedhas
Hepliaklqana
Kikubaaqudgha
Makhleb
Nemelex Xobeh
Okawaru
Qazlal
Ru
Sif Muna
Trog
Vehumet
Xom
Yredelemnul
Zin
The Shining One

Shops:
D:4 %

Annotations:
D:6 Blork the orc


Innate Abilities, Weirdness & Mutations

You are resistant to torment.
Your stone body is resilient. (AC +7)
You are immune to poison.
You resist negative energy. (rN+)
You are resistant to electric shocks. (rElec)
You can survive without breathing.
You are immune to petrification.
You are immune to rotting.


Message History

You thump the yak!
The yak is almost dead.
You hear the rapid hiss of a distant avalanche of sand.
The yak gores you.
* * * LOW HITPOINT WARNING * * *
You block the yak's attack.
You thump the yak!
You kill the yak!
Trog accepts your kill. The adder bites you but does no damage.
The adder closely misses you. The adder bites you but does no damage.
Your shield prevents you from hitting the yak.
The yak gores you.
* * * LOW HITPOINT WARNING * * *
The adder bites you but does no damage. The adder closely misses you.
The yak misses you.
You hit the yak.
The yak is lightly wounded.
You block the adder's attack. The yak gores you!
You die...

#.### ########## ...... ###.....
#........##..#... . ......#
#........#.....# ...###.##.####
#...........###..
.......)..>..####........÷......#
##..##)##.##.......Y............#
#..##)##.##########........###..
#..##.##.#########.(.......... .
#...#)........S@YYY#.#..######
#.....##.###########....#
##.#.....# ######.(#.###
###.#..##.# #..............
#......##.#####.####.#.......
#.###...#.......####.#.......
#.###.#<#.#........(.#.......
......#.....###......#.......
.#.#.......## #......#.......


You could see 3 yaks and an adder.

Vanquished Creatures
  A two-headed ogre (D:6)
  Pikel (D:6)
  The ghost of gregunderscorem the Insei, a novice OpTm of Cheibriados (D:5)
  Grinder (D:6)
  Prince Ribbit (D:6)
  2 yaks (D:7)
  A hungry ghost (D:7)
  Duvessa (D:5)
  2 ice beasts (D:6)
  An orc warrior (D:6)
  A phantom (D:6)
  A sky beast (D:5)
  2 ogres
  The ghost of Lucherd the Skirmisher, an amateur FoAK of Lugonu (D:4)
  2 centaurs
  5 bullfrogs
  Dowan (D:5)
  4 killer bees (D:7)
  3 crimson imps (D:6)
  3 centaur skeletons
  2 jellies
  A gnoll shaman (D:6)
  2 orc priests
  4 orc wizards
  A bullfrog skeleton (D:6)
  Jessica (D:2)
  An iguana (D:6)
  Ijyb (D:3)
  3 worker ants
  Terence (D:2)
  A hound zombie (D:5)
  5 gnolls
  15 adders
  A shadow imp (D:4)
  An ooze (D:5)
  An adder zombie (D:6)
  3 adder skeletons
  4 worms
  4 dart slugs
  7 leopard geckos
  16 orcs
  8 giant cockroaches
  13 goblins
  10 hobgoblins
  13 jackals
  A quokka (D:6)
  2 ball pythons
  7 bats
  8 frilled lizards
  12 kobolds
  14 rats
198 creatures vanquished.

Vanquished Creatures (others)
  4 slaves (D:6)
  A worker ant (D:6)
  3 gnolls (D:6)
8 creatures vanquished.

Grand Total: 206 creatures vanquished

Notes
Turn   | Place    | Note
-------+----------+-------------------------------------------
     0 | D:1      | Golfball the Gargoyle Fighter began the quest for the Orb.
     0 | D:1      | Reached XP level 1. HP: 14/14 MP: 1/1
   289 | D:1      | Reached XP level 2. HP: 19/19 MP: 2/2
   359 | D:1      | Reached skill level 3 in Maces & Flails
   833 | D:1      | Reached XP level 3. HP: 23/23 MP: 3/3
  1306 | D:2      | Reached skill level 4 in Maces & Flails
  1334 | D:2      | Noticed Jessica
  1354 | D:2      | Killed Jessica
  1354 | D:2      | Reached XP level 4. HP: 13/28 MP: 4/4
  1805 | D:2      | Noticed Terence
  1814 | D:2      | Killed Terence
  1814 | D:2      | Reached skill level 5 in Maces & Flails
  1814 | D:2      | Reached XP level 5. HP: 32/32 MP: 5/5
  2203 | D:3      | Noticed Ijyb
  2213 | D:3      | Killed Ijyb
  2434 | D:3      | Reached skill level 6 in Maces & Flails
  2487 | D:3      | Reached XP level 6. HP: 21/37 MP: 6/6
  2598 | D:3      | Found a glowing drain.
  2607 | Sewer    | Entered a sewer
  2918 | Sewer    | Reached skill level 7 in Maces & Flails
  2932 | Sewer    | Reached XP level 7. HP: 7/41 MP: 7/7
  3466 | D:4      | Noticed Lucherd's ghost (amateur FoAK)
  3467 | D:4      | Found a stormy altar of Qazlal.
  3480 | D:4      | Killed Lucherd's ghost
  3576 | D:4      | Noticed a water elemental
  3576 | D:4      | Noticed an air elemental
  3577 | D:4      | Noticed a fire elemental
  3598 | D:4      | Found Rarghaag's Food Shop.
  3725 | D:4      | Reached skill level 8 in Maces & Flails
  4174 | D:5      | Entered Level 5 of the Dungeon
  4218 | D:5      | Noticed Duvessa
  4219 | D:5      | Noticed Dowan
  4235 | D:5      | Killed Duvessa
  4279 | D:5      | Killed Dowan
  4332 | D:5      | Reached skill level 9 in Maces & Flails
  4332 | D:5      | Reached XP level 8. HP: 42/46 MP: 8/8
  4674 | D:5      | Noticed gregunderscorem's ghost (novice OpTm)
  4697 | D:5      | Killed gregunderscorem's ghost
  4697 | D:5      | Reached skill level 10 in Maces & Flails
  4851 | D:5      | Found a sparkling altar of Nemelex Xobeh.
  5033 | D:5      | Found a staircase to the Ecumenical Temple.
  5039 | Temple   | Entered the Ecumenical Temple
  5364 | Temple   | Became a worshipper of Trog the Wrathful
  5460 | D:5      | Found an ancient bone altar of Kikubaaqudgha.
  5544 | D:6      | Found an iron altar of Okawaru.
  5551 | D:6      | Reached skill level 1 in Dodging
  5673 | D:6      | Noticed Grinder
  5681 | D:6      | Found a glowing silver altar of Zin.
  5694 | D:6      | Killed Grinder
  5694 | D:6      | Reached XP level 9. HP: 38/53 MP: 9/9
  5820 | D:6      | Reached skill level 5 in Fighting
  5850 | D:6      | Noticed Blork the orc
  5853 | D:6      | Noticed Prince Ribbit
  5877 | D:6      | Killed Prince Ribbit
  5917 | D:6      | Noticed Pikel
  5940 | D:6      | Killed Pikel
  6010 | D:6      | Found a glowing golden altar of the Shining One.
  6031 | D:6      | Noticed a two-headed ogre
  6055 | D:6      | Killed a two-headed ogre
  6347 | D:6      | Reached skill level 5 in Dodging
  6412 | D:6      | Reached XP level 10. HP: 63/63 MP: 10/10
  7069 | D:6      | Found a deep blue altar of Sif Muna.
  7385 | D:7      | Reached * piety under Trog
  7385 | D:7      | Reached skill level 5 in Armour
  7842 | D:7      | Slain by a yak

Skill      XL: |  1  2  3  4  5  6  7  8  9 10 |
---------------+-------------------------------+-----
Maces & Flails | 3 4 5 6 7 9 10 | 10.6
Dodging        | 2 5 6 |  6.4
Fighting       | 4 7 |  7.5
Armour         | 5 |  5.9
Shields        | |  3.2

Action                   |  1- 3 |  4- 6 |  7- 9 | 10-12 || total
-------------------------+-------+-------+-------+-------++-------
Melee: Flail             |   171 |   246 |   337 |   225 ||   979
Invok: Berserk           |       |       |       |     2 ||     2
       Burn Spellbooks   |       |       |       |     1 ||     1
Evoke: Wand              |       |       |       |     1 ||     1
  Use: Scroll            |       |     6 |     5 |       ||    11
       Potion            |       |       |     2 |     1 ||     3
  Eat: Chunk             |     2 |     5 |    10 |       ||    17
       Fruit             |       |       |     1 |       ||     1
       Meat ration       |       |       |     1 |     1 ||     2
       Bread ration      |       |       |       |     1 ||     1
       Royal jelly       |       |       |       |     1 ||     1
Armor: Scale mail        |    89 |   141 |    57 |       ||   287
       Leather armour    |       |       |    36 |    87 ||   123
Dodge: Dodged            |    60 |    80 |    71 |    91 ||   302
Block: Shield            |    87 |   127 |   135 |   100 ||   449
